 Dungeon Crawl Stone Soup version 0.30-a0-557-ge2afbf3030 (webtiles) character file.

Game seed: 17213715465844314676

800 Newt the Sneak (level 7, -2/54 HPs)
             Began as a Demonspawn Gladiator on Dec 27, 2022.
             Slain by a lemure (8 damage)
             ... led by Pikel
             ... on level 5 of the Dungeon.
             The game lasted 00:03:23 (3164 turns).

Newt the Sneak (Demonspawn Gladiator)               Turns: 3164, Time: 00:03:23

Health: -2/54      AC:  5    Str: 16    XL:     7   Next: 59%
Magic:  7/7        EV: 13    Int: 10    God:
Gold:   266        SH:  0    Dex: 25    Spells: 6/6 levels left

rFire   . . .      SeeInvis .    r - +2 rapier of the Median {flame, rC+ Dex+9}
rCold   + . .      Faith    .    (no shield)
rNeg    . . .      Spirit   .    b - +0 leather armour
rPois   .          Reflect  .    c - +1 helmet
rElec   .          Harm     .    (no cloak)
rCorr   .          Rampage  .    (no gloves)
Will    .....                    (no boots)
Stlth   ++++                     (no amulet)
HPRegen 0.29/turn                (no ring)
MPRegen 0.20/turn                (no ring)

@: no status effects
A: thin skeletal structure 1, foul stench 1, magic regeneration, demonic touch 2
a: no special abilities


You were on level 5 of the Dungeon.
You visited 1 branch of the dungeon, and saw 5 of its levels.

You collected 266 gold pieces.

Inventory:

Hand Weapons
 a - a +0 rapier of flaming
 r - the +2 rapier of the Median (weapon) {flame, rC+ Dex+9}
   (You found it on level 4 of the Dungeon)

   It burns those it strikes, dealing additional fire damage.
   Dex:       It affects your dexterity (+9).
   rC:        It protects you from cold.
Missiles
 d - 2 throwing nets (quivered)
 e - a javelin
 n - 10 poisoned darts
Armour
 b - a +0 leather armour (worn)
 c - a +1 helmet (worn)
Jewellery
 j - an amulet of the acrobat
 p - a ring of magical power
Scrolls
 l - 3 scrolls of enchant armour
 o - 2 scrolls of teleportation
 s - 2 scrolls of vulnerability
 t - a scroll of identify
Potions
 f - a potion of haste
 g - 4 potions of attraction
 h - 2 potions of might
 i - 2 potions of magic {unknown}
 k - 2 potions of heal wounds {unknown}
 m - 2 potions of cancellation {unknown}
 q - 2 potions of curing {unknown}


   Skills:
 - Level 4.0 Fighting
 - Level 4.0 Short Blades
 - Level 1.7 Throwing
 - Level 4.0 Armour
 - Level 2.6 Dodging
 + Level 5.1 Stealth


You had 6 spell levels left.
You didn't know any spells.
Your spell library contained the following spells:

 Spells                   Type           Power      Damage    Failure   Level
 Summon Small Mammal      Summ           0%         N/A       41%         1
 Call Canine Familiar     Summ           0%         N/A       80%         3
 Dazzling Flash           Conj/Hex       0%         N/A       80%         3
 Summon Guardian Golem    Hex/Summ       0%         N/A       80%         3
 Iskenderun's Mystic Bla  Conj/Tloc      0%         2d3       99%         4
 Starburst                Conj/Fire      0%         6d3       100%        6


Dungeon Overview and Level Annotations

Branches:
Dungeon (5/15)
 Temple: D:4-7

Altars:
Vehumet

Annotations:
D:3 exclusion: statue
D:5 Pikel


Innate Abilities, Weirdness & Mutations

You have a somewhat thin skeletal structure. (Dex +2, Stealth+)
You may rarely emit foul miasma when damaged in melee.
You regenerate magic rapidly.
Your touch may inflict irresistible damage on your foes.


Message History

The lemure barely misses you.
You hit the lemure. You burn the lemure. Your touch misses the lemure.
The lemure is lightly wounded.
The lemure barely misses you. The lemure hits you!
The lemure closely misses you. The lemure barely misses you.
The lemure attacks as you move away! The lemure barely misses you.
The lemure hits you. x2
Pikel hits you with a +0 whip of freezing.
You hit Pikel. You burn Pikel.
You touch Pikel!
Pikel is heavily wounded.
The lemure barely misses you. x2; The lemure closely misses you.
Pikel barely misses you.
You hit Pikel. You burn Pikel.
Pikel is severely wounded.
The lemure hits you. The lemure misses you. The lemure hits you.
Pikel hits you with a +0 whip of freezing.
Pikel freezes you.
Throw: 2 throwing nets
Press: ? - help, Q - select action, (/) - cycle Shift-Dir - straight line, f - Pikel
Aim: Pikel, wielding a +0 whip of freezing, wearing a +0 robe and carrying a wand of quicksilver (7) (heavily wounded, 60% to hit)
Okay, then.
Okay, then.
You closely miss Pikel.
Pikel is heavily wounded.
The lemure hits you but does no damage. The lemure closely misses you. x2
Pikel closely misses you.
You hit Pikel. You burn Pikel.
Pikel is severely wounded.
The lemure closely misses you. x2; The lemure hits you.
* * * LOW HITPOINT WARNING * * *
Pikel closely misses you.
You closely miss Pikel.
Pikel is severely wounded.
The lemure hits you.
* * * LOW HITPOINT WARNING * * *
The lemure hits you.
* * * LOW HITPOINT WARNING * * *
The lemure hits you!
You die...

# #....#........ #
#....'.....>.. #
#....#........ #
.######........
.........########
.......†.#......#
.........#....$.#
.........#......#
.........'K@5...#
.........##55...#
#######'######'###
#...........#
#...........#
#...........#
#...........#
#..$........#
#...........#


You could see Pikel and 3 lemures.

Vanquished Creatures
  Sigmund (D:5)
  A lemure (D:5)
  A phantom (D:4)
  4 scorpions
  2 howler monkeys
  2 hounds
  Jessica (D:2)
  An iguana (D:5)
  3 gnolls (D:5)
  6 adders
  2 worms
  3 dart slugs
  An orc (D:5)
  8 ball pythons
  3 endoplasms
  2 giant cockroaches
  4 goblins (D:1)
  4 hobgoblins
  3 quokkas
  6 bats
  3 frilled lizards (D:1)
  3 kobolds
  6 rats
70 creatures vanquished.

Notes
Turn   | Place    | Note
-------+----------+-------------------------------------------
     0 | D:1      | Newt the Demonspawn Gladiator began the quest for the Orb.
     0 | D:1      | Reached XP level 1. HP: 16/16 MP: 1/1
    29 | D:1      | Reached skill level 1 in Stealth
   217 | D:1      | Gained mutation: You have a somewhat thin skeletal
                  | structure. (Dex +2, Stealth+) [demonic ancestry]
   217 | D:1      | Reached XP level 2. HP: 22/22 MP: 2/2
   226 | D:1      | Reached skill level 2 in Stealth
   934 | D:1      | Reached XP level 3. HP: 27/27 MP: 3/3
  1268 | D:2      | Reached skill level 3 in Stealth
  1355 | D:2      | Noticed Jessica
  1370 | D:2      | Killed Jessica
  1371 | D:2      | Gained mutation: You may rarely emit foul miasma when
                  | damaged in melee. [demonic ancestry]
  1371 | D:2      | Reached XP level 4. HP: 25/35 MP: 4/4
  1844 | D:3      | Found a radiant altar of Vehumet.
  1844 | D:3      | Noticed a charred statue
  2379 | D:4      | Gained mutation: Your touch may inflict minor irresistible
                  | damage on your foes. [demonic ancestry]
  2379 | D:4      | Reached XP level 5. HP: 42/42 MP: 5/5
  2536 | D:4      | Identified the +2 rapier of the Median {flame, rC+ Dex+9}
  2542 | D:4      | Noticed a phantom
  2547 | D:4      | Killed a phantom
  2554 | D:4      | Reached skill level 1 in Armour
  2554 | D:4      | Gained mutation: You regenerate magic rapidly. [demonic
                  | ancestry]
  2554 | D:4      | Reached XP level 6. HP: 44/48 MP: 6/6
  2814 | D:5      | Entered Level 5 of the Dungeon
  2896 | D:5      | Noticed Sigmund
  2903 | D:5      | Killed Sigmund
  2904 | D:5      | Gained mutation: Your touch may inflict irresistible damage
                  | on your foes. [demonic ancestry]
  2904 | D:5      | Reached XP level 7. HP: 54/54 MP: 7/7
  2995 | D:5      | Reached skill level 4 in Stealth
  3113 | D:5      | Reached skill level 5 in Stealth
  3137 | D:5      | Noticed Pikel
  3164 | D:5      | Slain by a lemure

Illustrated notes

Levels and vault maps discovered:
D:1:      shiori_shiawase, layout_basic, nicolae_hexahallways,
          grunt_decor_fettered, hangedman_decor_lopped, interstate_on_off
D:2:      layout_basic, hangedman_abyss_or_decor_lesser_grid, uniq_jessica
D:3:      layout_loops_ring, vehumet_statue
D:4:      layout_basic, nicolae_figureground_sparkle
D:5:      minmay_diamond_boxcup, layout_gridville, uniq_grinder, uniq_pikel,
          uniq_sigmund

Skill      XL: |  1  2  3  4  5  6  7 |
---------------+----------------------+-----
Stealth        | 1 2 3 5 |  5.1
Fighting       | 3 4 |  4.0
Short Blades   | 4 |  4.0
Armour         | 1 4 |  4.0
Throwing       | |  1.7
Dodging        | |  2.6

Action                   |  1- 3 |  4- 6 |  7- 9 || total
-------------------------+-------+-------+-------++-------
Melee: Rapier            |    71 |    81 |    27 ||   179
       Punch             |       |     3 |       ||     3
       Touch             |       |     8 |     6 ||    14
Throw: Throwing net      |       |       |     2 ||     2
  Use: Scroll            |     6 |     6 |       ||    12
 Stab: Sleeping          |     8 |     7 |     1 ||    16
       Distracted        |       |       |     1 ||     1
Armor: Leather armour    |    15 |    23 |     7 ||    45
Dodge: Dodged            |    31 |    49 |    24 ||   104

Table legend: (Time is in decaauts)
 A = Elapsed time spent in this place.
 B = Non-inter-level travel time spent in this place.
 C = Inter-level travel time spent in this place.
 D = Time resting spent in this place.
 E = Time spent auto-exploring this place.
 F = Levels seen in this place.
 G = Mean time per level.
                   A        B        C        D        E       F      G
               +--------+--------+--------+--------+--------+-----+--------+
         Total |   3171 |   3133 |     38 |    232 |   2389 |   5 |  634.2 |
       Dungeon |   3171 |   3133 |     38 |    232 |   2389 |   5 |  634.2 |
               +--------+--------+--------+--------+--------+-----+--------+

Top non-repeatable levels by time:
     D:1: 1134 daAuts
     D:2: 660 daAuts
     D:3: 586 daAuts
     D:4: 439 daAuts
     D:5: 349 daAuts
